 Dungeon Crawl Stone Soup version 0.27-a0-1189-gb8eb6cee8e (webtiles) character file.

Game seed: 2096332058503533269

184 roflturtle the Chopper (level 5, 0/48 HPs)
             Began as a Hill Orc Monk on May 22, 2021.
             Slain by a gnoll
             ... wielding a +0 spear of flaming
              (2 damage)
             ... on level 4 of the Dungeon.
             The game lasted 00:11:26 (4907 turns).

roflturtle the Chopper (Hill Orc Monk)              Turns: 4907, Time: 00:11:26

Health: 0/48       AC:  4    Str: 15    XL:     5   Next: 63%
Magic:  5/5        EV: 12    Int: 10    God:
Gold:   111        SH:  0    Dex: 13    Spells: 4/4 levels left

rFire    . . .     SeeInvis .   a - +0 hand axe
rCold    + . .     Faith    .   (no shield)
rNeg     . . .     Spirit   .   b - +1 leather armour {rC+}
rPois    .         Reflect  .   (no helmet)
rElec    .         Harm     .   (no cloak)
rCorr    .         Rampage  .   (no gloves)
Will     .....                  (no boots)
Stlth    ++........             c - amulet of magic regeneration
HPRegen  0.16/turn              h - ring of flight
MPRegen  0.34/turn              (no ring)

@: flying
A: no striking features
a: no special abilities


You were on level 4 of the Dungeon.
You visited 1 branch of the dungeon, and saw 4 of its levels.

You collected 111 gold pieces.

Inventory:

Hand Weapons
 a - a +0 hand axe (weapon)
Armour
 b - a +1 leather armour of cold resistance (worn)
 p - a +0 chain mail
Magical Staves
 l - a staff of conjuration
Jewellery
 c - an amulet of magic regeneration (around neck)
 h - a ring of flight (left hand)
 j - an amulet of the acrobat
Wands
 g - a wand of digging (5)
 i - a wand of flame (12)
Scrolls
 e - 4 scrolls of identify {unknown}
 f - a scroll of brand weapon {unknown}
 m - 3 scrolls of teleportation {unknown}
 o - a scroll of summoning {unknown}
Potions
 d - 2 potions of curing
 k - a potion of heal wounds {unknown}
 n - 2 potions of degeneration {unknown}
 q - a potion of resistance {unknown}


   Skills:
 - Level 5.0 Fighting
 - Level 6.1 Axes
 + Level 0.6 Armour
 - Level 3.0 Dodging
 - Level 2.0 Stealth


You had 4 spell levels left.
You didn't know any spells.
Your spell library contained the following spells:

 Spells                   Type           Power      Damage    Failure   Level
 Confusing Touch          Hex            0%         N/A       80%         3
 Gell's Gravitas          Tloc           0%         N/A       80%         3
 Petrify                  Tmut/Erth      0%         N/A       99%         4
 Metabolic Englaciation   Hex/Ice        0%         N/A       100%        5
 Yara's Violent Unravell  Hex/Tmut       0%         3d3       100%        5


Dungeon Overview and Level Annotations

Branches:
Dungeon (4/15)
 Temple: D:4-7

Altars:
Elyvilon
Hepliaklqana

Annotations:
D:2 Sigmund


Message History

* * * LOW HITPOINT WARNING * * *
The gnoll burns you.
* * * LOW HITPOINT WARNING * * *
You closely miss the gnoll.
The gnoll is severely wounded.
The gnoll hits you but does no damage.
You hit the gnoll but do no damage.
The gnoll is severely wounded.
The gnoll hits you with a +0 spear of flaming.
* * * LOW HITPOINT WARNING * * *
The gnoll burns you.
* * * LOW HITPOINT WARNING * * *
You barely miss the gnoll.
The gnoll is severely wounded.
The gnoll barely misses you.
You closely miss the gnoll.
The gnoll is severely wounded.
The gnoll barely misses you.
You hit the gnoll but do no damage.
The gnoll is severely wounded.
The gnoll hits you but does no damage.
You hit the gnoll but do no damage.
The gnoll is severely wounded.
The gnoll hits you with a +0 spear of flaming.
* * * LOW HITPOINT WARNING * * *
The gnoll burns you.
* * * LOW HITPOINT WARNING * * *
You hit the gnoll.
The gnoll is almost dead.
The gnoll misses you.
You barely miss the gnoll.
The gnoll is almost dead.
The gnoll completely misses you.
You hit the gnoll but do no damage.
The gnoll is almost dead.
The gnoll closely misses you.
You completely miss the gnoll.
The gnoll is almost dead.
The gnoll hits you with a +0 spear of flaming.
You die...

...##....g#
#........# #
########.# #.
#...gg.#
##.#######.######
.....(..#...##
##...........####
...(...g........#
#.....@.....##.#
#.....<#...## #
...###.>.).## ##
#.###.# ... ....
.#.. .#..##
........# ...##
##.# .... .#


You could see a gnoll.

Vanquished Creatures
  Jessica (D:2)
  5 gnolls (D:3)
  3 adders
  2 worms (D:3)
  2 dart slugs
  8 ball pythons
  7 endoplasms
  5 giant cockroaches
  9 goblins
  7 hobgoblins
  4 jackals (D:1)
  2 quokkas (D:3)
  3 bats
  A frilled lizard (D:3)
  5 kobolds
  5 rats
69 creatures vanquished.

Notes
Turn   | Place    | Note
-------+----------+-------------------------------------------
     0 | D:1      | roflturtle the Hill Orc Monk began the quest for the Orb.
     0 | D:1      | Reached XP level 1. HP: 19/19 MP: 1/1
    52 | D:1      | Reached XP level 2. HP: 8/27 MP: 2/2
   715 | D:1      | Reached XP level 3. HP: 29/33 MP: 3/3
  1335 | D:1      | Found a faded altar of an unknown god.
  1652 | D:2      | Noticed Jessica
  1655 | D:2      | Found a white marble altar of Elyvilon.
  1668 | D:2      | HP: 1/33 [Jessica/+0 dagger (4)]
  1671 | D:2      | Killed Jessica
  1672 | D:2      | Reached skill level 5 in Axes
  1672 | D:2      | Reached XP level 4. HP: 1/40 MP: 4/4
  2014 | D:2      | Noticed Sigmund
  3151 | D:3      | Reached skill level 6 in Axes
  3165 | D:3      | Reached XP level 5. HP: 34/46 MP: 5/5
  3320 | D:3      | Found a hazy altar of Hepliaklqana.
  4660 | D:3      | Reached skill level 5 in Fighting
  4903 | D:4      | HP: 1/48 [gnoll/+0 spear of flaming (3)]
  4907 | D:4      | Slain by a gnoll

Illustrated notes

Levels and vault maps discovered:
D:1:      erik_arrival_cave_to_civilisation [erik_arrival_cave_to_hall],
          layout_loops_ring, shapermc_ecumenical_altar_mp_urbaneastern
D:2:      layout_loops_ring, basic_altar, uniq_natasha, uniq_jessica,
          uniq_sigmund
D:3:      layout_basic, nicolae_hepliaklqana_hippocampus
D:4:      layout_loops_cross, slow_altar_2, serial_shops, shop

Skill      XL: |  1  2  3  4  5 |
---------------+----------------+-----
Fighting       | 4 5 |  5.0
Stealth        | 2 |  2.0
Dodging        | 3 |  3.0
Axes           | 5 6 |  6.1
Armour         | |  0.6

Action                   |  1- 3 |  4- 6 || total
-------------------------+-------+-------++-------
Melee: Hand axe          |   113 |   184 ||   297
  Use: Potion            |       |     1 ||     1
 Stab: Sleeping          |     5 |     2 ||     7
Armor: Robe              |    30 |    12 ||    42
       Leather armour    |       |    11 ||    11
       Chain mail        |       |     2 ||     2
Dodge: Dodged            |    93 |   100 ||   193

Table legend: (Time is in decaauts)
 A = Elapsed time spent in this place.
 B = Non-inter-level travel time spent in this place.
 C = Inter-level travel time spent in this place.
 D = Time resting spent in this place.
 E = Time spent auto-exploring this place.
 F = Levels seen in this place.
 G = Mean time per level.
                   A        B        C        D        E       F      G
               +--------+--------+--------+--------+--------+-----+--------+
         Total |   4925 |   4810 |    115 |   1667 |   2114 |   4 | 1231.2 |
       Dungeon |   4925 |   4810 |    115 |   1667 |   2114 |   4 | 1231.2 |
               +--------+--------+--------+--------+--------+-----+--------+

Top non-repeatable levels by time:
     D:3: 2215 daAuts
     D:1: 1353 daAuts
     D:2: 1293 daAuts
     D:4: 63 daAuts
